 Seeded DCSS version 0.30.1-4-g462c640d31 (webtiles) character file.

Game seed: 920673320228942481 (custom seed)

37 Psyclone the Stinger (level 3, -3/21 HPs)
             Began as an Octopode Venom Mage on Sept 19, 2023.
             Slain by a cerulean imp
             ... wielding a +2 spear
             ... summoned by Natasha
              (5 damage)
             ... on level 2 of the Dungeon.
             The game lasted 00:05:00 (2368 turns).

Psyclone the Stinger (Octopode Venom Mage)          Turns: 2368, Time: 00:05:01

Health: -3/21      AC:  1    Str:  7    XL:     3   Next: 39%
Magic:  0/6        EV: 13    Int: 21    God:
Gold:   925        SH:  0    Dex: 12    Spells: 3/6 levels left

rFire   . . .        l - +0 dagger
rCold   . . .        (no shield)
rNeg    . . .        (helmet restricted)
rPois   .            (no amulet)
rElec   .            b - ring of wizardry
rCorr   .            f - ring "Aphil" {Fly Int+2 SInv}
SInv    +            (no ring)
Will    .....        (no ring)
Stlth   +++          (no ring)
HPRegen 0.23/turn    (no ring)
MPRegen 0.10/turn    (no ring)
                     (no ring)

%: wizardry (x1)
@: flying
A: almost no armour, amphibious, 8 rings, camouflage 1, gelatinous body 1,
(nimble swimmer 1), tentacles
a: no special abilities


You were on level 2 of the Dungeon.
You visited 1 branch of the dungeon, and saw 2 of its levels.

You collected 925 gold pieces.

Inventory:

Hand Weapons
 l - a +0 dagger (weapon)
Armour
 e - the -2 hat of the Alchemist {rElec rPois rF+ rC+ rN+ Will+ rMut rCorr}
   (You acquired it on level 1 of the Dungeon)

   rF:        It protects you from fire.
   rC:        It protects you from cold.
   rElec:     It insulates you from electricity.
   rPois:     It protects you from poison.
   rN:        It protects you from negative energy.
   rCorr:     It protects you from acid and corrosion.
   rMut:      It protects you from mutation.
   Will:      It increases your willpower.
Jewellery
 b - a ring of wizardry (left tentacle)
 f - the ring "Aphil" (right tentacle) {Fly Int+2 SInv}
   (You acquired it on level 1 of the Dungeon)

   [ring of flight]

   Int:       It affects your intelligence (+2).
   SInv:      It lets you see invisible.
   Fly:       It grants you flight.
Scrolls
 h - a scroll of teleportation {unknown}
 i - a scroll of amnesia {unknown}
 j - a scroll of fog {unknown}
Potions
 a - a potion of magic
 c - a potion of resistance {unknown}
 d - a potion of mutation {unknown}
 g - 2 potions of cancellation {unknown}
 k - a potion of lignification {unknown}
 m - a potion of heal wounds {unknown}


   Skills:
 - Level 2.0 Dodging
 - Level 2.8 Stealth
 - Level 2.0 Spellcasting
 - Level 1.1 Transmutations
 + Level 5.1 Poison Magic


You had 3 spell levels left.
You knew the following spells:

 Your Spells              Type           Power      Damage    Failure   Level
a - Poisonous Vapours     Pois/Air       24%        N/A       3%          2
b - Sting                 Tmut/Pois      60%        1d6       1%          1

Your spell library contained the following spells:

 Spells                   Type           Power      Damage    Failure   Level
 Kiss of Death            Conj/Necr      8%         2d6       6%          1
 Mephitic Cloud           Conj/Pois/Air  9%         N/A       9%          3
 Confusing Touch          Hex            2%         N/A       17%         3
 Olgreb's Toxic Radiance  Pois           23%        N/A       8%          4
 Dispel Undead            Necr           2%         3d7       47%         4


Dungeon Overview and Level Annotations

Branches:
Dungeon (2/15) Zot: 9632

Altars:

Annotations:
D:2 1 runed translucent door, 1 exclusion, Crazy Yiuf, Natasha


Innate Abilities, Weirdness & Mutations

You cannot wear most types of armour.
You are amphibious.
You can wear up to eight rings at the same time.
Your skin changes colour to match your surroundings (Stealth+).
Your rubbery body absorbs attacks. (AC +1, EV +1)
((You are camouflaged when in or above water. (Stealth+)))
You have tentacles for arms and can constrict up to eight enemies at once.


Message History

Casting: Poisonous Vapours (safe; 3% risk of failure)
Confirm with . or Enter, or press ? or * to list all spells.
Aiming: Poisonous Vapours (safe; 3% risk of failure)
Press: ? - help, Dir - move target, f/p - Natasha
Aim: Natasha (poisoned) Poisonous vapours surround Natasha!
Natasha looks even sicker.
Natasha casts a spell at you. You resist with significant effort.
You now have 2/6 mp.
Casting: Poisonous Vapours (safe; 3% risk of failure)
Confirm with . or Enter, or press ? or * to list all spells.
Aiming: Poisonous Vapours (safe; 3% risk of failure)
Press: ? - help, Dir - move target, f/p - Natasha
Aim: Natasha (very poisoned) Poisonous vapours surround Natasha!
Natasha looks even sicker.
You now have 0/6 mp.
A kobold comes into view. It is wielding a +0 war axe.
The kobold shouts!
Natasha mumbles some strange words.
You hit Natasha but do no damage. Your grab misses Natasha. Natasha claws you.
You take 5 damage, and have 16/21 hp.
MASSIVE DAMAGE!!
You hit Natasha but do no damage. You grab Natasha.
Natasha is lightly wounded.
You constrict Natasha. Natasha claws you! The cerulean imp barely misses you.
You take 7 damage, and have 9/21 hp.
MASSIVE DAMAGE!!
Casting: Poisonous Vapours (safe; 3% risk of failure)
Confirm with . or Enter, or press ? or * to list all spells.
You don't have enough magic to cast this spell.
Unknown command.
You hit Natasha but do no damage.
Natasha is moderately wounded.
You constrict Natasha, but do no damage.
Natasha claws you. The cerulean imp misses you.
You take 1 damage, and have 8/21 hp.
You hit Natasha but do no damage.
Natasha is moderately wounded.
You constrict Natasha. Natasha claws you.
* * * LOW HITPOINT WARNING * * *
The cerulean imp hits you from afar with a +2 spear.
You die...

#.# #.# ##.## #... # #..# .#
#..###.#.. ######.........
#.........# #.#.##.#@.# # #
#.##.#h.# #. # # #.##.#5K#
##'## # #.#....#..# ##...##
# ####.#.)###..###.....## #
#.........#..##.......## ##
#.##.#....#..#.........####.
#.........'.........'....
####...####.........####.


You could see Natasha (very poisoned), a cerulean imp (summoned) and a kobold.

Vanquished Creatures
  An adder (D:2)
  2 dart slugs
  3 endoplasms (D:2)
  A giant cockroach (D:2)
  4 goblins
  A hobgoblin (D:2)
  A quokka (D:2)
  5 ball pythons
  2 bats
  A kobold (D:2)
  A rat (D:1)
22 creatures vanquished.

Notes
Turn   | Place    | Note
-------+----------+-------------------------------------------
     0 | D:1      | Psyclone the Octopode Venom Mage began the quest for the
                  | Orb.
     0 | D:1      | Reached XP level 1. HP: 11/11 MP: 3/3
   109 | D:1      | Identified 3 scrolls of acquirement
   109 | D:1      | Acquired the -2 hat of the Alchemist {rElec rPois rF+ rC+
                  | rN+ Will+ rMut rCorr}
   109 | D:1      | Found the -2 hat of the Alchemist {rElec rPois rF+ rC+ rN+
                  | Will+ rMut rCorr}
   113 | D:1      | Acquired the ring "Aphil" {Fly Int+2 SInv}
   115 | D:1      | Acquired 860 gold pieces
   802 | D:1      | Reached skill level 4 in Poison Magic
   802 | D:1      | Reached XP level 2. HP: 17/17 MP: 0/5
  1396 | D:2      | Learned a level 2 spell: Poisonous Vapours
  1768 | D:2      | Found a runed translucent door.
  1769 | D:2      | Noticed Crazy Yiuf
  2005 | D:2      | Reached XP level 3. HP: 21/21 MP: 1/6
  2268 | D:2      | Reached skill level 5 in Poison Magic
  2360 | D:2      | Noticed Natasha
  2368 | D:2      | Slain by a cerulean imp

Illustrated notes

Levels and vault maps discovered:
D:1:      dpeg_arrival_orchard, layout_basic
D:2:      layout_loops_corners, uniq_natasha, uniq_crazy_yiuf_cottage

Skill      XL: |  1  2  3 |
---------------+----------+-----
Poison Magic   | 4 5 |  5.1
Dodging        | |  2.0
Stealth        | |  2.8
Spellcasting   | |  2.0
Transmutations | |  1.1

Action                     || total
---------------------------++-------
  Melee: Unarmed           ||     8
         Tentacles         ||     6
         Constrict         ||     6
         Dagger            ||    14
   Cast: Sting             ||    17
         Poisonous Vapours ||    25
    Use: Scroll            ||     3
   Stab: Sleeping          ||     1
 Armour: Skin              ||     2
  Dodge: Dodged            ||    13
